[ AOE2 MATCH · #505894081 ]
UnrankedIncas vs Khitans
Player's team · LOSS
Rival team · WIN
[ REPLAY ANALYSIS · EXTRACTED FROM THE RECORDED GAME ]
Feudal
11:14
Castle
25:29
Imperial
40:02
| APM avg | 45.3 |
| APM peak | 78 |
| eAPM avg | 23.0 |
| Villagers / military | 123 / 166 |
Focus
⚔️ 52.4% · 🌾 47.6%
Unknown (2550) ×179 · Archer ×83 · Skirmisher ×63 · Spearman ×14 · Trebuchet (Packed) ×4 · Monk ×2
Feudal
9:38
Castle
22:00
Imperial
40:34
| APM avg | 33.9 |
| APM peak | 78 |
| eAPM avg | 19.4 |
| Villagers / military | 214 / 72 |
Focus
⚔️ 34.3% · 🌾 65.7%
Unknown (1920) ×87 · Skirmisher ×17 · Scout Cavalry ×16 · Steppe Lancer ×14 · Cavalry Archer ×9 · Battering Ram ×7
Match map
Initial resources + every placement click. Lines = walls · curves = elevation contours. ◆ gold · ⬟ stone · ● berries · ✦ relic · ◌ wall gap
Your base· ✓ Closed at 25:29 · 29t walls · 2 gate(s)
[RGV]saltychobos's base· ✓ Closed at 22:00 · 1t walls · no gate
Smoothed initial terrain · ◌ = detected wall gap · hover for details
Inputs per minute
— KLOAKAN - - [RGV]saltychobos
Build order — KLOAKAN
First 150 of 621 actions detected
| 0:00 | Queue | Villager (Male) |
| 0:01 | Queue | Villager (Male) |
| 0:01 | Queue | Villager (Male) |
| 0:01 | Queue | Villager (Male) |
| 0:02 | Build | House |
| 0:04 | Build | House |
| 1:30 | Queue | Villager (Male) |
| 1:48 | Build | Settlement |
| 1:59 | Queue | Villager (Male) |
| 2:16 | Queue | Villager (Male) |
| 2:48 | Queue | Villager (Male) |
| 3:05 | Queue | Villager (Male) |
| 3:36 | Queue | Villager (Male) |
| 3:50 | Build | House |
| 4:12 | Queue | Villager (Male) |
| 4:41 | Queue | Villager (Male) |
| 5:10 | Build | Barracks |
| 5:19 | Queue | Villager (Male) |
| 5:19 | Queue | Villager (Male) |
| 5:29 | Queue | Villager (Male) |
| 5:57 | Queue | Villager (Male) |
| 6:15 | Queue | Unit 2550 |
| 6:16 | Queue | Unit 2550 |
| 6:36 | Queue | Villager (Male) |
| 6:43 | Queue | Villager (Male) |
| 7:02 | Queue | Unit 2550 |
| 7:16 | Build | Settlement |
| 7:18 | Queue | Villager (Male) |
| 7:55 | Queue | Villager (Male) |
| 7:59 | Research | Loom |
| 9:04 | Research | Feudal Age |
| 9:16 | Build | Settlement |
| 10:58 | Build | Palisade Wall |
| 11:12 | Queue | Villager (Male) |
| 11:14 | Age | Feudal Age |
| 11:18 | Build | Archery Range |
| 11:21 | Build | Archery Range |
| 11:22 | Queue | Spearman |
| 11:33 | Research | Double-Bit Axe |
| 11:34 | Queue | Villager (Male) |
| 11:41 | Build | Palisade Wall |
| 11:45 | Queue | Villager (Male) |
| 11:55 | Build | House |
| 12:09 | Build | Blacksmith |
| 12:11 | Queue | Villager (Male) |
| 12:13 | Queue | Archer |
| 12:14 | Queue | Archer |
| 12:29 | Queue | Archer |
| 12:31 | Queue | Villager (Male) |
| 12:49 | Build | Settlement |
| 12:53 | Queue | Archer |
| 13:02 | Build | Farm |
| 13:11 | Queue | Archer |
| 13:13 | Queue | Villager (Male) |
| 13:29 | Queue | Archer |
| 13:32 | Queue | Villager (Male) |
| 13:47 | Queue | Archer |
| 13:59 | Build | Farm |
| 14:25 | Queue | Villager (Male) |
| 14:28 | Research | Fletching |
| 14:29 | Queue | Archer |
| 14:29 | Queue | Archer |
| 14:56 | Queue | Villager (Male) |
| 14:57 | Queue | Archer |
| 14:57 | Queue | Archer |
| 15:05 | Queue | Villager (Male) |
| 15:07 | Queue | Spearman |
| 15:21 | Queue | Archer |
| 15:51 | Queue | Spearman |
| 15:53 | Queue | Archer |
| 15:53 | Queue | Archer |
| 15:53 | Queue | Archer |
| 15:54 | Queue | Villager (Male) |
| 15:54 | Queue | Villager (Male) |
| 15:54 | Queue | Villager (Male) |
| 16:06 | Build | Palisade Gate |
| 16:24 | Queue | Spearman |
| 16:44 | Queue | Archer |
| 16:46 | Build | House |
| 16:56 | Build | Farm |
| 16:57 | Build | Farm |
| 16:58 | Build | Farm |
| 17:00 | Build | Farm |
| 17:01 | Build | Farm |
| 17:02 | Queue | Villager (Male) |
| 17:03 | Queue | Archer |
| 17:03 | Queue | Archer |
| 17:15 | Queue | Spearman |
| 17:25 | Queue | Villager (Male) |
| 17:35 | Queue | Archer |
| 17:37 | Queue | Villager (Male) |
| 17:54 | Build | Farm |
| 18:04 | Queue | Villager (Male) |
| 18:08 | Build | Farm |
| 18:15 | Build | House |
| 18:21 | Queue | Archer |
| 18:21 | Queue | Archer |
| 18:21 | Queue | Archer |
| 18:22 | Queue | Villager (Male) |
| 18:23 | Queue | Spearman |
| 18:41 | Queue | Spearman |
| 18:43 | Queue | Archer |
| 18:43 | Queue | Archer |
| 18:48 | Build | Farm |
| 19:11 | Queue | Archer |
| 19:11 | Queue | Archer |
| 19:15 | Build | House |
| 19:28 | Queue | Villager (Male) |
| 19:28 | Queue | Villager (Male) |
| 19:28 | Queue | Villager (Male) |
| 19:33 | Build | Farm |
| 19:34 | Build | Farm |
| 19:37 | Build | Farm |
| 19:39 | Build | Farm |
| 19:57 | Queue | Villager (Male) |
| 20:00 | Build | House |
| 20:09 | Queue | Archer |
| 20:09 | Queue | Archer |
| 20:33 | Build | Farm |
| 20:35 | Research | Wheelbarrow |
| 20:47 | Queue | Archer |
| 20:48 | Queue | Archer |
| 20:51 | Build | House |
| 20:54 | Build | Palisade Wall |
| 21:03 | Build | Farm |
| 21:23 | Queue | Villager (Male) |
| 21:27 | Queue | Archer |
| 21:27 | Queue | Archer |
| 21:29 | Queue | Spearman |
| 22:49 | Research | Castle Age |
| 22:58 | Build | House |
| 23:03 | Build | Palisade Wall |
| 23:21 | Build | Farm |
| 23:27 | Build | Palisade Gate |
| 23:50 | Queue | Archer |
| 23:50 | Queue | Archer |
| 23:59 | Build | Farm |
| 24:37 | Queue | Archer |
| 24:37 | Queue | Archer |
| 24:53 | Research | Padded Archer Armor |
| 24:54 | Queue | Archer |
| 24:54 | Queue | Archer |
| 24:54 | Queue | Archer |
| 24:55 | Queue | Archer |
| 25:29 | Age | Castle Age |
| 25:34 | Research | Bodkin Arrow |
| 25:35 | Research | Crossbowman (upgrade) |
| 25:46 | Research | Crossbowman (upgrade) |
| 25:47 | Queue | Villager (Male) |
| 25:47 | Queue | Villager (Male) |
Build order — [RGV]saltychobos
First 150 of 452 actions detected
| 0:00 | Queue | Villager (Male) |
| 0:02 | Build | House |
| 0:03 | Build | House |
| 0:24 | Queue | Villager (Male) ×3 |
| 1:24 | Queue | Villager (Male) |
| 1:58 | Build | Lumber Camp |
| 1:59 | Queue | Villager (Male) |
| 2:15 | Queue | Villager (Male) |
| 2:45 | Queue | Villager (Male) |
| 3:00 | Queue | Villager (Male) |
| 3:37 | Queue | Villager (Male) |
| 3:52 | Build | House |
| 3:58 | Queue | Villager (Male) |
| 4:20 | Queue | Villager (Male) |
| 4:27 | Build | Mill |
| 4:33 | Queue | Villager (Male) |
| 5:17 | Queue | Villager (Male) |
| 5:30 | Queue | Villager (Male) |
| 5:33 | Queue | Villager (Male) |
| 5:55 | Research | Loom |
| 6:26 | Queue | Villager (Male) |
| 6:59 | Build | House |
| 7:03 | Queue | Villager (Male) |
| 7:28 | Research | Feudal Age |
| 8:03 | Build | Barracks |
| 8:21 | Queue | Villager (Male) |
| 9:04 | Build | House |
| 9:38 | Age | Feudal Age |
| 9:43 | Build | Stable |
| 9:47 | Research | Double-Bit Axe |
| 9:50 | Queue | Villager (Male) |
| 10:16 | Build | Palisade Wall |
| 10:34 | Queue | Scout Cavalry |
| 10:35 | Queue | Villager (Male) |
| 10:53 | Queue | Villager (Male) |
| 10:57 | Research | Tech 1014 |
| 11:00 | Queue | Scout Cavalry |
| 11:14 | Queue | Villager (Male) |
| 11:22 | Build | Pasture |
| 11:23 | Build | Pasture |
| 11:46 | Queue | Villager (Male) |
| 11:48 | Queue | Scout Cavalry |
| 11:53 | Build | Pasture |
| 11:58 | Build | Pasture |
| 12:01 | Queue | Villager (Male) |
| 12:04 | Build | House |
| 12:29 | Build | Blacksmith |
| 12:34 | Queue | Villager (Male) |
| 12:36 | Queue | Scout Cavalry |
| 12:46 | Build | Pasture |
| 13:01 | Queue | Villager (Male) |
| 13:23 | Queue | Villager (Male) |
| 13:25 | Build | Lumber Camp |
| 13:38 | Build | House |
| 13:44 | Build | House |
| 13:45 | Research | Forging |
| 13:57 | Queue | Villager (Male) |
| 14:13 | Build | House |
| 14:19 | Queue | Villager (Male) |
| 14:24 | Build | Pasture |
| 14:40 | Research | Scale Barding Armor |
| 14:54 | Queue | Villager (Male) |
| 14:57 | Build | House |
| 15:09 | Build | Pasture |
| 15:11 | Queue | Scout Cavalry |
| 15:14 | Queue | Villager (Male) |
| 15:32 | Build | House |
| 15:34 | Queue | Villager (Male) |
| 15:35 | Queue | Scout Cavalry |
| 15:40 | Build | Pasture |
| 15:56 | Queue | Scout Cavalry |
| 15:56 | Queue | Villager (Male) |
| 16:15 | Queue | Scout Cavalry |
| 16:16 | Queue | Villager (Male) |
| 16:16 | Queue | Villager (Male) |
| 16:18 | Build | House |
| 16:30 | Build | Pasture |
| 16:49 | Queue | Villager (Male) |
| 16:50 | Queue | Scout Cavalry |
| 16:53 | Build | House |
| 16:58 | Build | Mining Camp |
| 17:12 | Queue | Villager (Male) |
| 17:25 | Build | Pasture |
| 17:32 | Queue | Scout Cavalry |
| 17:42 | Queue | Scout Cavalry |
| 17:42 | Queue | Villager (Male) |
| 17:43 | Queue | Villager (Male) |
| 17:52 | Build | Archery Range |
| 17:56 | Build | House |
| 17:57 | Build | House |
| 18:19 | Build | House |
| 18:23 | Build | House |
| 18:25 | Queue | Scout Cavalry |
| 18:26 | Queue | Villager (Male) |
| 18:44 | Build | House |
| 18:48 | Queue | Scout Cavalry |
| 19:01 | Queue | Villager (Male) |
| 19:20 | Research | Castle Age |
| 19:29 | Queue | Skirmisher |
| 19:29 | Queue | Skirmisher |
| 19:30 | Queue | Skirmisher |
| 19:42 | Build | House |
| 19:53 | Build | Pasture |
| 20:01 | Research | Fletching |
| 20:05 | Research | Padded Archer Armor |
| 20:14 | Queue | Skirmisher |
| 20:14 | Queue | Skirmisher |
| 20:29 | Build | Watch Tower |
| 20:33 | Build | Watch Tower |
| 20:56 | Queue | Skirmisher |
| 20:56 | Queue | Villager (Male) |
| 21:25 | Queue | Skirmisher |
| 21:25 | Queue | Skirmisher |
| 21:42 | Queue | Skirmisher |
| 21:51 | Queue | Skirmisher |
| 22:00 | Age | Castle Age |
| 22:04 | Research | Bodkin Arrow |
| 22:17 | Queue | Steppe Lancer |
| 22:44 | Build | Lumber Camp |
| 22:45 | Queue | Villager (Male) |
| 22:54 | Queue | Steppe Lancer |
| 22:54 | Queue | Steppe Lancer |
| 22:55 | Queue | Villager (Male) |
| 22:57 | Research | Bow Saw |
| 23:16 | Research | Iron Casting |
| 23:26 | Research | Tech 1013 |
| 23:29 | Queue | Villager (Male) |
| 23:33 | Queue | Steppe Lancer |
| 23:46 | Build | Pasture |
| 23:52 | Build | Pasture |
| 23:55 | Queue | Villager (Male) |
| 24:04 | Queue | Villager (Male) |
| 24:06 | Queue | Steppe Lancer |
| 24:12 | Build | Mining Camp |
| 24:26 | Queue | Camel Scout |
| 24:28 | Queue | Steppe Lancer |
| 24:45 | Queue | Villager (Male) |
| 24:47 | Queue | Skirmisher |
| 24:51 | Queue | Steppe Lancer |
| 24:52 | Queue | Villager (Male) |
| 25:25 | Queue | Steppe Lancer |
| 25:27 | Queue | Skirmisher |
| 25:27 | Queue | Skirmisher |
| 25:43 | Queue | Steppe Lancer |
| 25:44 | Queue | Villager (Male) |
| 25:44 | Queue | Villager (Male) |
| 25:44 | Queue | Villager (Male) |
| 26:27 | Queue | Steppe Lancer |
| 26:27 | Queue | Steppe Lancer |
| 26:28 | Queue | Villager (Male) |
Match timeline
| 5:10 | KLOAKAN · first_building Barracks |
| 8:03 | [RGV]saltychobos · first_building Barracks |
| 9:38 | [RGV]saltychobos · age_up feudal |
| 9:43 | [RGV]saltychobos · first_building Stable |
| 10:16 | [RGV]saltychobos · wall_segment Palisade Wall x1 |
| 10:58 | KLOAKAN · wall_segment Palisade Wall x3 |
| 11:14 | KLOAKAN · age_up feudal |
| 11:18 | KLOAKAN · first_building Archery Range |
| 11:41 | KLOAKAN · wall_segment Palisade Wall x1 |
| 17:52 | [RGV]saltychobos · first_building Archery Range |
| 20:54 | KLOAKAN · wall_segment Palisade Wall x14 |
| 22:00 | [RGV]saltychobos · age_up castle |
| 23:03 | KLOAKAN · wall_segment Palisade Wall x11 |
| 25:29 | KLOAKAN · age_up castle |
| 30:11 | [RGV]saltychobos · first_building Castle |
| 35:29 | [RGV]saltychobos · first_building Siege Workshop |
| 35:44 | KLOAKAN · first_market_sell 100 wood |
| 35:59 | KLOAKAN · first_building Castle |
| 36:21 | KLOAKAN · first_building Monastery |
| 36:58 | [RGV]saltychobos · first_building Monastery |
| 40:02 | KLOAKAN · age_up imperial |
| 40:34 | [RGV]saltychobos · age_up imperial |
| 47:14 | [RGV]saltychobos · first_market_sell 100 food |
| 52:26 | KLOAKAN · resign |
[ AI ANALYSIS · 1 CREDIT ]
What really happened in this match?
Wolo.gg analyzes every decision: build order, eco, micro, common mistakes by bracket. Personalized analysis on WhatsApp or Discord in 30 seconds.
Civ guide
Incas
Perfil
Jugador #381421